 Dungeon Crawl Stone Soup version 0.19.4-8-ga85b6b9 (webtiles) character file.

3448 Enroth the Carver (level 10, -3/59 HPs)
             Began as an Octopode Fighter on Feb 6, 2017.
             Was a Priest of Hepliaklqana.
             Slain by a hippogriff (5 damage)
             ... on level 7 of the Dungeon.
             The game lasted 00:34:36 (6080 turns).

Enroth the Carver (Octopode Fighter)                Turns: 6080, Time: 00:34:37

Health: -3/59      AC:  1    Str: 20    XL:     10   Next: 6%
Magic:  10/10      EV: 14    Int: 12    God:    Hepliaklqana [***...]
Gold:   82         SH: 12    Dex: 15    Spells: 0 memorised, 9 levels left

rFire  . . .     SeeInvis .     k - +3 long sword (slice)
rCold  . . .     Gourm    .     b - +1 shield
rNeg   . . .     Faith    .     (helmet restricted)
rPois  .         Spirit   .     (no amulet)
rElec  .         Reflect  .     n - +3 ring of strength
rCorr  .         Harm     .     (no ring)
MR     .....                    t - +3 ring of dexterity
Stlth  +++++.....               (no ring)
                                (no ring)
                                (no ring)
                                (no ring)
                                (no ring)

@: no status effects
A: almost no armour, stealthy swim, amphibious, 8 rings, constrict 8, reduced
essence, camouflage 1, blink, clever 1, clumsy 1, gelatinous body 1
a: Blink, Recall Ancestor, Ancestor Identity, Transference, Renounce Religion


You were on level 7 of the Dungeon.
You worshipped Hepliaklqana.
Hepliaklqana was most pleased with you.
You were not hungry.

You visited 2 branches of the dungeon, and saw 9 of its levels.
You also visited: Sewer.

You collected 344 gold pieces.
You spent 262 gold pieces at shops.

Inventory:

Hand Weapons
 a - a +0 war axe
 k - a +3 long sword of slicing (weapon)
Missiles
 j - a throwing net (quivered)
Armour
 b - a +1 shield (worn)
Jewellery
 n - a +3 ring of strength (left tentacle)
 t - a +3 ring of dexterity (on tentacle)
Wands
 g - a wand of enslavement (22/24)
 l - a wand of flame (31/48)
 s - a wand of lightning (4/15)
 u - a wand of iceblast (10/15)
 y - a wand of teleportation (2/9)
Scrolls
 e - 3 scrolls of remove curse
 h - a scroll of amnesia
 m - 5 scrolls of teleportation
 o - a scroll of vulnerability {unknown}
 r - a scroll of fog {unknown}
 v - a scroll of recharging
 w - a scroll of blinking
Potions
 c - 2 potions of flight
 i - a potion of curing
 p - a potion of heal wounds
 q - a potion of brilliance
Comestibles
 d - 6 bread rations
 f - a beef jerky
 x - 2 meat rations


   Skills:
 + Level 5.3 Fighting
 * Level 9.1 Long Blades
 - Level 2.2 Axes
 + Level 0.2 Throwing
 + Level 4.9 Dodging
 + Level 8.4 Stealth
 * Level 6.8 Shields
 + Level 0.2 Evocations


You had 9 spell levels left.
You didn't know any spells.

Dungeon Overview and Level Annotations

Branches:
Dungeon (8/15)             Temple (1/1) D:6
   Lair: D:8-11

Altars:
Ashenzari
Cheibriados
Dithmenos
Elyvilon
Fedhas
Gozag
Hepliaklqana
Kikubaaqudgha
Makhleb
Nemelex Xobeh
Okawaru
Qazlal
Ru
Sif Muna
Trog
Uskayaw
Vehumet
Xom
Yredelemnul
Zin
The Shining One

Shops:
D:6 =   D:7 *


Innate Abilities, Weirdness & Mutations

You cannot wear most types of armour.
You are very stealthy in the water. (Stealth+)
You are amphibious.
You can wear up to eight rings at the same time.
You can use your tentacles to constrict eight enemies at once.
Your skin changes colour to match your surroundings (Stealth+).
Your rubbery body absorbs attacks. (AC +1, EV +1)
Your life essence is reduced. (-10% HP)
You can translocate small distances at will.
Your mind is acute. (Int +2)
You are clumsy. (Dex -2)


Message History

The orc priest barely misses Nenetl.
You block the hippogriff's attack. The hippogriff pecks you!
The hippogriff claws you!
The phantom blinks!
The wight completely misses you.
You riposte.
You hit the wight. You grab the wight. You squeeze the wight.
The wight is heavily damaged.
Nenetl hits the wight with a dagger of draining.
You release your grip on the wight.
You block the hippogriff's attack. The hippogriff closely misses you.
You block the hippogriff's attack.
The orc priest barely misses Nenetl.
You climb upwards.
There is a stone staircase leading down here.
You hit the hippogriff but do no damage.
Your squeeze misses the hippogriff.
The hippogriff is severely wounded.
The wight hits you with an enchanted falchion!
* * * LOW HITPOINT WARNING * * *
The hippogriff bites you!
* * * LOW HITPOINT WARNING * * *
The hippogriff pecks you.
You die...

###
#.#................#
.<#
#.#.####...#.^.....#
###
#.#.#......<.......#
#...#.###.#.#'######
##..#.# #.#.#.#
#..#.###.#.#.#
#..#.....#.#.#
#.z#.....#[#.#
#R@#.....#.#.#
##H#.....#.#.#
#.#)###...#.# #.#)#
#####.#
#.#)#######.#
#.#.........#
#.########### #.#
#.#


You could see the friendly Nenetl the hexer, a hippogriff and a wight.

Vanquished Creatures
  Pikel (D:4)
  The ghost of cba the Covert, a novice OpAs of Okawaru (D:5)
  A steam dragon (D:7)
  An orc warrior (D:7)
  A sky beast (D:6)
  An ice beast (D:5)
  3 slaves (D:4)
  3 phantoms
  3 ogres
  A big kobold (D:7)
  A bullfrog (D:6)
  A wyvern zombie (D:6)
  A scorpion (D:5)
  4 howler monkeys
  2 crimson imps (D:6)
  A bullfrog zombie (D:7)
  A jelly (D:6)
  5 orc priests
  Crazy Yiuf (D:2)
  A hound (D:4)
  2 iguanas
  Natasha (twice) (D:4)
  6 orc wizards
  6 worker ants
  A hound skeleton (D:7)
  3 gnolls (D:2)
  11 adders
  A river rat (D:6)
  3 oozes
  An adder skeleton (D:4)
  2 worms (D:2)
  2 dart slugs
  4 leopard geckos (D:1)
  17 orcs
  3 bats
  9 giant cockroaches
  11 goblins
  6 hobgoblins
  4 jackals
  3 quokkas
  6 ball pythons
  11 frilled lizards
  8 kobolds
  A quokka skeleton (D:4)
  12 rats
169 creatures vanquished.

Vanquished Creatures (collateral kills)
  Edmund (D:5)
  An orc warrior (D:7)
  A sky beast (D:6)
  A crimson imp (D:5)
  An orc priest (D:5)
  A centaur zombie (D:5)
  Natasha (D:4)
  A gnoll (D:4)
  2 orcs (D:4)
  A jackal (D:6)
  A quokka (D:4)
  A ball python (Sewer)
  2 kobolds (D:7)
15 creatures vanquished.

Vanquished Creatures (others)
  An orc wizard (D:4)
  An orc (D:4)
2 creatures vanquished.

Grand Total: 186 creatures vanquished

Notes
Turn   | Place    | Note
-------+----------+-------------------------------------------
     0 | D:1      | Enroth the Octopode Fighter began the quest for the Orb.
     0 | D:1      | Reached XP level 1. HP: 16/16 MP: 1/1
    83 | D:1      | Reached XP level 2. HP: 16/21 MP: 2/2
   337 | D:1      | Reached XP level 3. HP: 23/26 MP: 3/3
   666 | D:2      | Reached XP level 4. HP: 26/31 MP: 4/4
   911 | D:2      | Reached skill level 1 in Stealth
  1090 | D:2      | Reached skill level 1 in Long Blades
  1096 | D:2      | Reached XP level 5. HP: 16/37 MP: 5/5
  1116 | D:2      | Found a runed door.
  1270 | D:2      | Noticed Crazy Yiuf
  1277 | D:2      | Killed Crazy Yiuf
  1704 | D:3      | Found a hazy altar of Hepliaklqana.
  1715 | D:3      | Became a worshipper of Hepliaklqana the Forgotten
  1855 | D:3      | Reached skill level 2 in Long Blades
  2231 | D:4      | Noticed Natasha
  2238 | D:4      | Killed Natasha
  2259 | D:4      | Noticed an ogre
  2265 | D:4      | Killed an ogre
  2265 | D:4      | Reached XP level 6. HP: 38/38 MP: 6/6
  2289 | D:4      | Noticed Natasha
  2320 | D:4      | Killed Natasha
  2320 | D:4      | Reached skill level 3 in Long Blades
  2342 | D:4      | Noticed a slave
  2342 | D:4      | Noticed a slave
  2367 | D:4      | Killed a slave
  2392 | D:4      | Reached XP level 7. HP: 29/43 MP: 7/7
  2447 | D:4      | Reached skill level 4 in Long Blades
  2600 | D:4      | Noticed Pikel
  2621 | D:4      | Killed Pikel
  2621 | D:4      | Reached skill level 5 in Long Blades
  2621 | D:4      | Reached skill level 5 in Stealth
  2621 | D:4      | Reached XP level 8. HP: 47/48 MP: 8/8
  2669 | D:4      | Reached skill level 5 in Shields
  2807 | D:4      | Noticed Natasha
  2811 | D:4      | Killed Natasha
  2845 | D:4      | Found a blossoming altar of Fedhas.
  2845 | D:4      | Found a glowing golden altar of the Shining One.
  2845 | D:4      | Found a bloodstained altar of Trog.
  2845 | D:4      | Found a basalt altar of Yredelemnul.
  2887 | D:4      | Reached skill level 6 in Long Blades
  2924 | D:4      | Gained mutation: Your mind is acute. (Int +2) [potion of mutation]
  2924 | D:4      | Gained mutation: You are clumsy. (Dex -2) [potion of mutation]
  2924 | D:4      | Gained mutation: You can translocate small distances at will. [potion of mutation]
  3066 | D:5      | Entered Level 5 of the Dungeon
  3480 | D:5      | Reached * piety under Hepliaklqana
  3482 | D:5      | Noticed Edmund
  3491 | D:5      | Killed Edmund
  3640 | D:5      | Reached skill level 7 in Long Blades
  3641 | D:5      | Reached XP level 9. HP: 43/53 MP: 9/9
  3698 | D:5      | Noticed cba's ghost (novice OpAs)
  3723 | D:5      | Killed cba's ghost
  3950 | D:5      | Found a sacrificial altar of Ru.
  3954 | D:5      | Found an ancient bone altar of Kikubaaqudgha.
  3965 | D:5      | Found a shadowy altar of Dithmenos.
  4093 | D:6      | Reached skill level 5 in Fighting
  4228 | D:6      | Found Enusa's Jewellery Shoppe.
  4233 | D:6      | Bought a +3 ring of dexterity for 204 gold pieces
  4272 | D:6      | Found a stormy altar of Qazlal.
  4290 | D:6      | Reached ** piety under Hepliaklqana
  4307 | D:6      | Remembered your ancestor Nenetl as a hexer
  4329 | D:6      | Reached skill level 8 in Long Blades
  4419 | D:6      | Found a glowing drain.
  4459 | Sewer    | Entered a sewer
  4861 | D:6      | Found a staircase to the Ecumenical Temple.
  4884 | Temple   | Entered the Ecumenical Temple
  5733 | D:7      | Reached *** piety under Hepliaklqana
  5858 | D:7      | Found Uchobb's Assorted Antiques.
  5866 | D:7      | Bought a scroll labeled IQUSYH GATI for 29 gold pieces
  5866 | D:7      | Bought a scroll labeled WANOGATAKH for 29 gold pieces
  5870 | D:7      | Reached skill level 9 in Long Blades
  5870 | D:7      | Reached XP level 10. HP: 59/59 MP: 10/10
  5901 | D:7      | Found an opulent altar of Gozag.
  6080 | D:7      | HP: 2/59 [hippogriff (8)]
  6080 | D:7      | Slain by a hippogriff

Skill      XL: |  1  2  3  4  5  6  7  8  9 |
---------------+----------------------------+-----
Stealth        | 1 2 3 5 7 8 |  8.4
Long Blades    | 1 2 3 5 7 9 |  9.1
Shields        | 4 5 6 |  6.8
Fighting       | 4 5 |  5.3
Dodging        | 4 |  4.9
Axes           | |  2.2
Throwing       | |  0.2
Evocations     | |  0.2

Action                   |  1- 3 |  4- 6 |  7- 9 | 10-12 || total
-------------------------+-------+-------+-------+-------++-------
Melee: War axe           |    55 |       |       |       ||    55
       Tentacles         |    13 |    15 |    45 |     4 ||    77
       Constrict         |    11 |    24 |    34 |     3 ||    72
       Long sword        |     4 |    72 |   186 |    12 ||   274
Throw: Throwing net      |       |     2 |       |       ||     2
Invok: Ancestor Life: He |       |       |     1 |       ||     1
Evoke: Wand              |       |       |     3 |       ||     3
  Use: Scroll            |     4 |     2 |     5 |       ||    11
       Potion            |       |       |    11 |       ||    11
 Stab: Sleeping          |     3 |    11 |    16 |     3 ||    33
       Held in net/web   |       |     1 |       |       ||     1
       Distracted        |       |       |     1 |       ||     1
  Eat: Chunk             |       |     4 |     9 |       ||    13
       Royal jelly       |       |       |     1 |       ||     1
       Beef jerky        |       |       |     1 |       ||     1
Armor: Skin              |     2 |     1 |     1 |       ||     4
Dodge: Dodged            |    24 |    27 |    76 |     9 ||   136
Block: Shield            |    19 |    26 |    88 |     7 ||   140
       Rpst.: Long sword |       |     5 |    19 |     1 ||    25
